 Dungeon Crawl Stone Soup version 0.26-a0-597-gb535b0901c (webtiles) character file.

Game seed: 6991836586581066434

(classic levelgen) 281516 EnegeticOcto the Champion of Chaos (level 19, -5/181 HPs)
             Began as a Deep Dwarf Fighter on Aug 29, 2020.
             Was the Champion of Makhleb.
             Slain by a death cob (8 damage)
             ... on level 3 of the Realm of Zot.
             The game lasted 00:20:12 (16682 turns).

EnegeticOcto the Champion of Chaos (DDFi)          Turns: 16682, Time: 00:20:12

Health: -5/181     AC: 31    Str: 31    XL:     19   Next: 27%
Magic:  5/10       EV: 10    Int:  8    God:    Makhleb [******]
Gold:   1475       SH: 19    Dex: 10    Spells: 18/18 levels left

rFire    + + .     SeeInvis +   s - +5 war axe (elec)
rCold    + . .     Faith    .   O - +5 kite shield
rNeg     + . .     Spirit   .   N - +3 storm dragon scales {Bai Suzhen}
rPois    +         Reflect  .   I - +2 helmet {SInv}
rElec    +         Harm     .   q - scarf {repulsion}
rCorr    .                      l - +2 pair of gloves
MR       ++...                  u - +2 pair of boots
Stlth    ..........             Y - amulet "Ydog" {RegenMP rF++ Str+2 Dex-2}
HPRegen  0.00/turn              L - ring of protection from cold
MPRegen  0.37/turn              p - ring of poison resistance

@: lethally poisoned (-5 -> -5), marked, non-regenerating, hasted and slowed,
constricted, lightly drained, repel missiles
A: damage resistance, heal wounds, negative energy resistance 1, sense
surroundings 3, no potion heal 1, no regeneration
}: 3/15 runes: decaying, abyssal, gossamer
a: Heal Wounds, Minor Destruction, Lesser Servant of Makhleb, Major Destruction,
Greater Servant of Makhleb, Renounce Religion


You were on level 3 of the Realm of Zot.
You worshipped Makhleb.
Makhleb was exalted by your worship.
You visited 8 branches of the dungeon, and saw 37 of its levels.
You visited the Abyss 1 time.
You also visited: Sewer and Gauntlet.

You collected 2750 gold pieces.
You spent 1275 gold pieces at shops.

Inventory:

Hand Weapons
 a - the +4 broad axe of Eternal Vigilance {pain, rPois rN+}
   (You found it on level 2 of the Spider Nest)

   In the hands of one skilled in necromantic magic, it inflicts extra damage on
   living creatures.
   It protects you from poison.
   It protects you from negative energy.
 h - a +1 vampiric war axe
 s - a +5 war axe of electrocution (weapon)
 R - the +11 trident of Cataclysm {distort, +Rage rF+ rN++ Dex-2}
   (You took it off a spriggan on level 2 of the Lair of Beasts)

   It warps and distorts space around it.
   Unwielding it can cause banishment or high damage.
   It affects your dexterity (-2).
   It protects you from fire.
   It greatly protects you from negative energy.
   It lets you go berserk.
 X - a +1 broad axe
Missiles
 G - a throwing net (quivered)
Armour
 l - a +2 pair of gloves (worn)
 q - a scarf of repulsion (worn)
 u - a +2 pair of boots (worn)
 v - a +0 cloak of magic resistance
 D - a +0 plate armour
 I - a +2 helmet of see invisible (worn)
 K - a +2 chain mail of fire resistance
 N - +3 storm dragon scales (worn) {Bai Suzhen}
 O - a +5 kite shield (worn)
Jewellery
 p - a ring of poison resistance (right hand)
 L - a ring of protection from cold (left hand)
 S - an uncursed amulet of faith
 T - an uncursed ring of protection from fire
 V - an uncursed ring of positive energy
 Y - the amulet "Ydog" (around neck) {RegenMP rF++ Str+2 Dex-2}
   (You acquired it on level 2 of the Depths)

   [amulet of magic regeneration]

   It increases your magic regeneration.
   It affects your strength (+2).
   It affects your dexterity (-2).
   It greatly protects you from fire.
Wands
 n - a wand of polymorph (20)
 w - a wand of disintegration (12)
 z - a wand of iceblast (22) {@v2}
 A - a wand of paralysis (25)
 U - a wand of acid (21) {@v1}
 W - a wand of digging (8) {@v3}
Scrolls
 f - 2 scrolls of blinking
 g - 8 scrolls of fog
 j - 10 scrolls of teleportation {@r3}
 k - a scroll of magic mapping {@r5}
 t - a scroll of silence
 y - 10 scrolls of remove curse {@r2}
 C - 3 scrolls of fear
 H - 3 scrolls of immolation {@r4}
 Q - 5 scrolls of identify {@r1}
Potions
 b - 6 potions of lignification {@q7}
 c - 2 potions of flight
 d - 3 potions of might {@q3}
 e - 5 potions of stabbing {@q5}
 i - 7 potions of curing {@q1}
 m - 2 potions of magic
 o - a potion of haste {@q4}
 r - 5 potions of mutation
 x - 2 potions of heal wounds {@q2}
 B - a potion of berserk rage
 F - 2 potions of resistance {@q6}
 J - 10 potions of ambrosia
Miscellaneous
 E - a condenser vane (inert)
 M - a box of beasts (3/3)
 P - a phantom mirror


   Skills:
 + Level 13.7(13.4) Fighting
 - Level 18.0(17.7) Axes
 + Level 15.9(15.6) Armour
 + Level 9.2(9.0) Dodging
 - Level 15.0(14.7) Shields
 * Level 19.5(19.3) Invocations
 - Level 10.0(9.7) Evocations


You had 18 spell levels left.
You didn't know any spells.
Your spell library was empty.

Dungeon Overview and Level Annotations

Branches:
Dungeon (15/15)            Temple (1/1) D:6            Lair (3/6) D:9
  Swamp (4/4) Lair:2       Spider (4/4) Lair:3          Orc (2/2) D:12
    Elf (0/3) Orc:2        Depths (5/5) D:15            Zot (3/5) Depths:5
  Sewer (visited)         Gauntlet (visited)
 Vaults: D:13-14

Altars:
Ashenzari
Cheibriados
Dithmenos
Gozag
Hepliaklqana
Kikubaaqudgha
Makhleb
Okawaru
Qazlal
Ru
Sif Muna
Trog
Uskayaw
Vehumet
Wu Jian
Yredelemnul
Zin
The Shining One
Beogh

Shops:
D:5 *   D:14 =[[*   D:15 =   Orc:2 [[=(   Depths:1 ==}   Depths:2 (
Depths:5 ?

Portals:
Hell: Depths:1
Abyss: Lair:2
Pandemonium: Depths:1

Annotations:
D:15 3 runed translucent doors, Omnid's ghost, journeyman MiFi
Spider:2 Roxanne
Depths:2 1 transporter


Innate Abilities, Weirdness & Mutations

You are resistant to damage.
You can heal yourself by infusing magical energy.
You resist negative energy. (rN+)
You passively map a large area around you.
You do not regenerate.
Potions are less effective at restoring your health.


Message History

Lightning courses through the death cob!!
You closely miss the shadow dragon. You block the death cob's attack.
The death cob hits you!
The quicksilver dragon is engulfed in blazing flames.
The death cob closely misses you. You block the shadow dragon's attack.
The shadow dragon closely misses you.
The shadow dragon claws you but does no damage.
You block the death cob's attack.
The tentacled monstrosity is engulfed in blazing flames.
The tentacled monstrosity tentacle-slaps you but does no damage.
You block the tentacled monstrosity's attack.
The tentacled monstrosity tentacle-slaps you.
The tentacled monstrosity constricts you!
The black draconian looks as sick as possible!
The yellow draconian is engulfed in blazing flames.
You kill the yellow draconian!
Makhleb accepts your kill.
The quicksilver dragon is engulfed in blazing flames.
The death cob hits you!! The death cob drains your vigour!
You feel as though you will be slow longer.
The shadow dragon breathes negative energy at you.
The bolt of negative energy hits you! You partially resist.
You feel drained.
* * * LOW HITPOINT WARNING * * *
You are too injured to fight recklessly!
You are too injured to fight recklessly!
You are too injured to fight recklessly!
You are too injured to fight recklessly!
You are too injured to fight recklessly!
You are too injured to fight recklessly!
You are too injured to fight recklessly!
You are too injured to fight recklessly!
You are too injured to fight recklessly!
You are too injured to fight recklessly!
You are too injured to fight recklessly!
You are too injured to fight recklessly!
You are too injured to fight recklessly!
You are too injured to fight recklessly!
You feel yourself speed up. The death cob hits you!
* * * LOW HITPOINT WARNING * * *
The death cob drains your vigour!
You feel as though you will be slow longer.
The death cob hits you!!
* * * LOW HITPOINT WARNING * * *
The death cob drains your vigour!
You feel as though you will be slow longer.
You block the death cob's attack. The death cob closely misses you.
The death cob hits you!
* * * LOW HITPOINT WARNING * * *
The death cob drains your vigour!
You feel as though you will be slow longer.
The quicksilver dragon is engulfed in blazing flames.
The tentacled monstrosity is engulfed in blazing flames.
You block the tentacled monstrosity's attack.
The tentacled monstrosity tentacle-slaps you but does no damage. x2
The tentacled monstrosity constricts you.
The golden dragon rages.
The black draconian is engulfed in poison gas.
The black draconian looks as sick as possible!
You kill the black draconian!
Makhleb accepts your kill.
You feel better. The death cob hits you!
* * * LOW HITPOINT WARNING * * *
The death cob drains your vigour!
You feel as though you will be slow longer.
The death cob hits you but does no damage.
The purple draconian is engulfed in poison gas.
The purple draconian looks as sick as possible!
You block the shadow dragon's attack. x2; The shadow dragon claws you.
* * * LOW HITPOINT WARNING * * *
The quicksilver dragon is engulfed in blazing flames.
The tentacled monstrosity is engulfed in blazing flames.
The tentacled monstrosity tentacle-slaps you but does no damage.
You block the tentacled monstrosity's attack.
The tentacled monstrosity tentacle-slaps you but does no damage.
* * * LOW HITPOINT WARNING * * *
The tentacled monstrosity constricts you!
Okay, then.
You feel much better. The death cob hits you!!
* * * LOW HITPOINT WARNING * * *
The death cob drains your vigour!
You feel as though you will be slow longer.
The death cob hits you but does no damage.
The death cob barely misses you.
The death cob hits you but does no damage.
The quicksilver dragon is engulfed in blazing flames.
The purple draconian is engulfed in poison gas.
The purple draconian looks as sick as possible!
The golden dragon rages.
The shadow dragon bites you but does no damage.
You block the shadow dragon's attack.
The shadow dragon claws you but does no damage.
You block the death cob's attack.
The tentacled monstrosity is engulfed in blazing flames.
The tentacled monstrosity tentacle-slaps you but does no damage.
The tentacled monstrosity closely misses you.
You block the tentacled monstrosity's attack.
* * * LOW HITPOINT WARNING * * *
The tentacled monstrosity constricts you!
The death cob hits you!
You die... ##..##...## , * , +, * , ##..#########+##....#*** * ...........#..##§§..# , .....^.....#...#§§§. * ...........+...#☼y. , *, , ...........#.. §dD

, ##..##(..###.# #q#*
*##* *
#######'###.###z##§..# *
* *
..........§.#.)@zD§..#
,* ,,
,........§§§.'.D§X§○§§#
,,+ ,
,...#################§#*
* * .. * ** ** , , * ,,,
, , , , , ,,, , *,, , ,
, , ,, ,, ** * ** * *


You could see a shadow dragon (catching breath), a tentacled monstrosity, a
green draconian monk, a golden dragon (berserk), a purple draconian (extremely
poisoned), 2 death cobs, a quicksilver dragon and a moth of wrath (very
poisoned).

Vanquished Creatures
  the Lernaean hydra (Swamp:4)
  Bai Suzhen (Spider:2)
  A golden dragon (Depths:5)
  A bone dragon (Depths:5)
  6 liches
  2 death cobs
  2 storm dragons (Depths:5)
  2 tengu reavers
  2 thorn hunters
  A shadow dragon (Zot:2)
  2 fire giants
  2 frost giants
  4 ghost moths
  A draconian scorcher (Depths:5)
  2 emperor scorpions (Spider:4)
  A draconian knight (Zot:2)
  2 draconian shifters (Depths:5)
  The ghost of Wonupn the Nimble, a journeyman HaGl of Zin (Lair:2)
  A draconian annihilator (Zot:3)
  11 stone giants
  2 entropy weavers
  2 very ugly things (Depths:1)
  A green draconian (Zot:1)
  2 vampire knights (Depths:5)
  2 red draconians (Zot:2)
  3 spark wasps
  6 yellow draconians
  3 black draconians
  2 purple draconians (Zot:1)
  A minotaur (Gauntlet)
  4 ettins
  The ghost of Kiuman the Stormcaller, a journeyman TeAE of Vehumet (Lair:3)
  5 ice dragons
  4 yaktaur captains
  13 hydras
  A fire dragon (Abyss:3)
  2 rakshasas
  A death knight (D:9)
  5 centaur warriors
  3 shambling mangroves
  16 two-headed ogres
  8 alligators
  2 vampire magi (Depths:2)
  5 ogre magi
  2 deep troll shamans (Depths:5)
  3 deep troll earth magi
  4 tengu warriors (Depths:1)
  2 orc high priests (Orc:2)
  A thrashing horror (Abyss:3)
  A spriggan berserker (Depths:5)
  4 hell knights (Depths:2)
  2 skeletal warriors (D:15)
  A glowing orange brain (shapeshifter) (Lair:2)
  16 deep trolls
  A glowing orange brain (Depths:5)
  2 spriggan druids (Swamp:4)
  4 unseen horrors
  A wizard (D:15)
  8 swamp dragons (Swamp:4)
  A golden dragon skeleton (Depths:1)
  2 phantasmal warriors (Depths:5)
  A flayed ghost (D:15)
  An orange crystal statue (Gauntlet)
  5 orc knights
  A harpy (Depths:1)
  3 necromancers
  17 orb spiders
  17 wolf spiders
  A fire giant zombie (Depths:1)
  2 deep elf magi
  3 orc sorcerers (Orc:2)
  2 manticores
  A worldbinder (Lair:2)
  A cyclops (D:9)
  24 ugly things
  3 elephants (Lair:3)
  4 moths of wrath
  2 spriggan zombies (D:15)
  A guardian serpent (shapeshifter) (D:15)
  A fire giant skeleton (Depths:1)
  An orange demon (Abyss:3)
  An apocalypse crab (Lair:2)
  A torpor snail (Spider:2)
  2 black mambas (Lair:2)
  6 cane toads
  3 gargoyles
  A smoke demon (Lair:2)
  A rime drake (Lair:3)
  3 komodo dragons (Lair:3)
  A yaktaur (shapeshifter) (D:15)
  A kobold demonologist (D:10)
  7 demonic crawlers
  2 tengu conjurers (Depths:1)
  A red devil (Abyss:3)
  A troll (shapeshifter) (D:11)
  A jumping spider (shapeshifter) (Depths:1)
  2 queen bees
  22 jumping spiders
  7 yaktaurs
  5 trolls
  6 tyrant leeches
  A polar bear (D:10)
  4 meliai
  18 hornets
  10 slime creatures
  9 blink frogs
  A raiju (Lair:2)
  10 bog bodies
  Prince Ribbit (D:6)
  14 hippogriffs
  An ettin zombie (D:15)
  A meliai zombie (D:14)
  2 small abominations (Gauntlet)
  A vampire (D:15)
  5 spriggans
  59 redbacks
  3 wyverns
  A centaur simulacrum (D:10)
  A tarantella (shapeshifter) (Depths:1)
  22 tarantellas
  A fire dragon skeleton (Depths:1)
  2 wraiths (D:11)
  3 humans (D:11)
  16 yaks
  7 fire bats (Abyss:3)
  6 chaos spawn (Abyss:3)
  3 hogs (D:11)
  Grum (D:10)
  Menkaure (D:4)
  5 insubstantial wisps (Swamp:4)
  4 vampire mosquitoes (Swamp:3)
  12 swamp worms
  3 wargs
  4 acid dragons
  2 water moccasins
  9 soldier ants
  Duvessa (D:6)
  6 swamp drakes
  6 porcupines
  3 ice beasts
  6 sky beasts
  22 orc warriors
  6 boggarts (Depths:1)
  20 ogres
  Purgy (Sewer)
  9 wolves
  3 eyes of draining
  2 necrophages
  4 crocodiles
  18 centaurs
  4 big kobolds
  A yaktaur zombie (D:15)
  2 gnoll sergeants
  17 bullfrogs
  Dowan (D:6)
  An earth elemental (Abyss:3)
  2 wyvern skeletons
  4 scorpions
  40 killer bees
  23 wights
  3 vampire bats (D:15)
  An electric eel (Lair:2)
  A howler monkey (D:14)
  3 bullfrog zombies
  4 centaur zombies
  3 jellies
  A quasit (D:10)
  6 bullfrog skeletons
  Crazy Yiuf (D:6)
  24 orc priests
  4 centaur skeletons
  7 hounds
  20 orc wizards
  6 iguanas
  23 worker ants
  A bullfrog simulacrum (D:10)
  3 hound skeletons
  A howler monkey zombie (D:11)
  12 gnolls
  10 adders
  2 shadow imps (D:7)
  8 white imps
  A worker ant simulacrum (D:10)
  3 ufetubi
  An ooze (D:5)
  5 adder skeletons
  3 worms
  A dart slug (D:1)
  6 leopard geckos
  83 orcs
  8 giant cockroaches
  5 goblins
  3 hobgoblins
  10 jackals
  25 kobolds
  5 quokkas
  2 ball pythons (D:4)
  11 bats
  6 frilled lizards
  A giant cockroach zombie (D:6)
  A leopard gecko skeleton (D:4)
  A quokka skeleton (D:4)
  A quokka zombie (D:5)
  6 rats
1137 creatures vanquished.

Vanquished Creatures (collateral kills)
  2 spark wasps (Spider:4)
  4 hydras
  An orc high priest (Orc:2)
  2 thrashing horrors (Abyss:3)
  A swamp dragon (Swamp:4)
  2 orc knights (Orc:2)
  2 orb spiders
  5 wolf spiders
  An orc sorcerer (Orc:2)
  2 cane toads (Lair:3)
  A demonic crawler (Spider:3)
  9 jumping spiders
  A hornet (Spider:2)
  11 redbacks
  7 tarantellas
  2 yaks (Lair:2)
  An orc priest (Orc:2)
54 creatures vanquished.

Vanquished Creatures (others)
  A draconian annihilator (Zot:3)
  An ettin (Depths:1)
  A centaur warrior (Depths:2)
  A jumping spider (Spider:3)
  A tarantella (Spider:1)
  A sky beast (D:9)
  An orc wizard (Orc:2)
  4 demonic plants (Gauntlet)
  11 fungi
  21 plants
  7 withered plants (D:15)
50 creatures vanquished.

Grand Total: 1241 creatures vanquished

Notes
Turn   | Place    | Note
-------+----------+-------------------------------------------
     0 | D:1      | EnegeticOcto the Deep Dwarf Fighter began the quest for the
                  | Orb.
     0 | D:1      | Reached XP level 1. HP: 20/20 MP: 1/1
   113 | D:1      | Reached XP level 2. HP: 25/27 MP: 2/2
   388 | D:1      | Reached XP level 3. HP: 27/33 MP: 3/3
   482 | D:3      | Reached XP level 4. HP: 22/42 MP: 4/4
   607 | D:4      | Reached XP level 5. HP: 37/49 MP: 5/5
   799 | D:4      | Noticed Menkaure
   818 | D:4      | Killed Menkaure
   818 | D:4      | Reached skill level 5 in Axes
   818 | D:4      | Reached XP level 6. HP: 40/57 MP: 3/3
   848 | D:4      | Found a glowing drain.
   932 | Sewer    | Entered a sewer
  1025 | Sewer    | Noticed Purgy
  1043 | Sewer    | Killed Purgy
  1043 | Sewer    | Reached skill level 5 in Armour
  1043 | Sewer    | Reached skill level 5 in Shields
  1043 | Sewer    | Reached XP level 7. HP: 42/64 MP: 3/3
  1118 | D:5      | Entered Level 5 of the Dungeon
  1118 | D:5      | Found Sipt's Assorted Antiques.
  1126 | D:5      | Bought a scroll labeled GIJEVAPHAY for 25 gold pieces
  1991 | D:6      | Noticed a troll
  2002 | D:6      | Reached XP level 8. HP: 32/73 MP: 4/4
  2006 | D:6      | Killed a troll
  2096 | D:6      | Noticed Prince Ribbit
  2117 | D:6      | Reached skill level 5 in Fighting
  2137 | D:6      | Killed Prince Ribbit
  2491 | D:6      | Found a runed translucent door.
  2492 | D:6      | Noticed Crazy Yiuf
  2523 | D:6      | Noticed Duvessa
  2524 | D:6      | Noticed Dowan
  2540 | D:6      | Killed Duvessa
  2562 | D:6      | Killed Dowan
  2562 | D:6      | Gained mutation: You passively map the area around you.
                  | [Deep Dwarf growth]
  2562 | D:6      | Reached XP level 9. HP: 75/81 MP: 4/4
  2592 | D:6      | Found a staircase to the Ecumenical Temple.
  2601 | Temple   | Entered the Ecumenical Temple
  2705 | Temple   | Became a worshipper of Makhleb the Destroyer
  2803 | D:6      | Killed Crazy Yiuf
  2920 | D:7      | Reached skill level 1 in Invocations
  3216 | D:7      | Reached skill level 2 in Invocations
  3267 | D:7      | Reached * piety under Makhleb
  3325 | D:7      | Reached skill level 3 in Invocations
  3478 | D:7      | Reached skill level 4 in Invocations
  3809 | D:8      | Reached skill level 10 in Axes
  3809 | D:8      | Reached XP level 10. HP: 77/91 MP: 7/7
  3811 | D:8      | Reached ** piety under Makhleb
  4161 | D:9      | Paralysed by a hornet for 2 turns
  4216 | D:9      | Reached skill level 5 in Invocations
  4526 | D:9      | Reached *** piety under Makhleb
  4566 | D:9      | Found a staircase to the Lair.
  4690 | D:9      | Reached skill level 6 in Invocations
  4796 | D:9      | Found a basalt altar of Yredelemnul.
  4854 | D:9      | Noticed a two-headed ogre
  4854 | D:9      | Noticed a death knight
  4854 | D:9      | Noticed a cyclops
  4854 | D:9      | Noticed a purple ugly thing
  4865 | D:9      | Killed a two-headed ogre
  4875 | D:9      | Killed a purple ugly thing
  4875 | D:9      | Reached XP level 11. HP: 77/100 MP: 9/9
  4900 | D:9      | Killed a death knight
  4939 | D:9      | Got a twitching silver ring
  4949 | D:9      | Identified the ring of Befah {*Tele +Fly Str+7 Int-3} (You
                  | found it on level 9 of the Dungeon)
  5024 | D:10     | Entered Level 10 of the Dungeon
  5037 | D:10     | Noticed Grum
  5046 | D:10     | Reached skill level 7 in Invocations
  5058 | D:10     | Killed Grum
  5146 | D:10     | Reached **** piety under Makhleb
  5188 | D:10     | Noticed an unseen horror
  5199 | D:10     | Killed an unseen horror
  5294 | D:10     | Noticed an unseen horror
  5312 | D:10     | Killed an unseen horror
  5337 | D:10     | Noticed an unseen horror
  5340 | D:10     | Noticed a soul eater
  5353 | D:10     | Killed an unseen horror
  5370 | D:10     | Reached ***** piety under Makhleb
  5468 | D:10     | Reached skill level 8 in Invocations
  5712 | D:11     | Found an ancient bone altar of Kikubaaqudgha.
  5713 | D:11     | Found the +9 staff of Olgreb {rPois∞}
  5719 | D:11     | Noticed a purple ugly thing
  5728 | D:11     | Killed a purple ugly thing
  5728 | D:11     | Noticed an orc knight
  5757 | D:11     | Killed an orc knight
  5757 | D:11     | Reached XP level 12. HP: 99/111 MP: 8/8
  5954 | D:11     | Reached skill level 10 in Armour
  6019 | D:11     | Reached skill level 10 in Shields
  6087 | D:11     | Identified the +8 falchion "Inwem" {flame, rC+ MR- Int+6}
  6197 | D:11     | Reached skill level 9 in Invocations
  6409 | D:11     | Found an iron altar of Okawaru.
  6563 | D:12     | Noticed a two-headed ogre
  6572 | D:12     | Killed a two-headed ogre
  6690 | D:12     | Reached ****** piety under Makhleb
  6700 | D:12     | Found a staircase to the Orcish Mines.
  6811 | D:12     | Noticed a two-headed ogre
  6830 | D:12     | Killed a two-headed ogre
  7396 | Orc:1    | Entered Level 1 of the Orcish Mines
  7465 | Orc:1    | Reached skill level 1 in Evocations
  7855 | Orc:2    | Entered Level 2 of the Orcish Mines
  7855 | Orc:2    | Found a gate leading to a gauntlet.
  7863 | Gauntlet | Entered a Gauntlet
  7863 | Gauntlet | Found a transporter.
  7863 | Gauntlet | Found a transporter.
  7864 | Gauntlet | Found a transporter.
  7864 | Gauntlet | Found a transporter.
  7867 | Gauntlet | Found a transporter.
  7867 | Gauntlet | Found a transporter.
  7877 | Gauntlet | Found a transporter.
  7881 | Gauntlet | Found a transporter.
  7883 | Gauntlet | Found a large runed translucent door.
  7884 | Gauntlet | Found a large runed translucent door.
  7885 | Gauntlet | Found a large runed translucent door.
  7885 | Gauntlet | Found a large runed translucent door.
  7885 | Gauntlet | Found a runed translucent door.
  7885 | Gauntlet | Found a runed translucent door.
  7886 | Gauntlet | Found a large runed translucent door.
  7886 | Gauntlet | Found a large runed translucent door.
  7886 | Gauntlet | Found a large runed translucent door.
  7886 | Gauntlet | Found a large runed translucent door.
  7887 | Gauntlet | Found a large runed translucent door.
  7887 | Gauntlet | Found a large runed translucent door.
  7888 | Gauntlet | Found a large runed translucent door.
  7888 | Gauntlet | Found a large runed translucent door.
  7889 | Gauntlet | Found a runed translucent gate.
  7889 | Gauntlet | Found a runed translucent gate.
  7889 | Gauntlet | Found a runed translucent gate.
  7891 | Gauntlet | Found a transporter.
  7948 | Gauntlet | Found a large runed translucent door.
  7948 | Gauntlet | Found a large runed translucent door.
  7958 | Gauntlet | Found a large runed translucent door.
  7958 | Gauntlet | Found a large runed translucent door.
  7985 | Gauntlet | Gained mutation: Potions are less effective at restoring
                  | your health. [a shining eye]
  8022 | Gauntlet | Found a transporter.
  8049 | Gauntlet | Noticed a minotaur
  8062 | Gauntlet | Killed a minotaur
  8062 | Gauntlet | Reached skill level 10 in Invocations
  8062 | Gauntlet | Reached XP level 13. HP: 108/121 MP: 8/8
  8263 | Orc:2    | Found a staircase to the Elven Halls.
  8325 | Orc:2    | Noticed a stone giant
  8344 | Orc:2    | Killed a stone giant
  8413 | Orc:2    | Found Iloucluf's Armour Shoppe.
  8413 | Orc:2    | Found Atriont's Jewellery Boutique.
  8430 | Orc:2    | Found Qehumikk's Jewellery Shoppe.
  8430 | Orc:2    | Found Ryaduas's Antique Armour Boutique.
  8500 | Orc:2    | Found Zulyex's Weapon Emporium.
  8524 | Orc:2    | Bought a +1 vampiric war axe for 227 gold pieces
  8564 | Orc:2    | Found a roughly hewn altar of Beogh.
  8854 | Lair:1   | Entered Level 1 of the Lair of Beasts
  9279 | Lair:2   | Found a transporter.
  9283 | Lair:2   | Found a transporter.
  9296 | Lair:2   | Noticed Wonupn's ghost (journeyman HaGl)
  9305 | Lair:2   | Identified the +11 trident of Cataclysm {distort, +Rage rF+
                  | rN++ Dex-2}
  9627 | Lair:2   | Found a staircase to the Swamp.
  9826 | Lair:2   | Found a one-way gate to the infinite horrors of the Abyss.
  9845 | Lair:2   | Reached skill level 5 in Evocations
  9846 | Lair:2   | Reached skill level 11 in Invocations
  9976 | Lair:3   | Reached skill level 15 in Axes
 10054 | Lair:3   | Found a transporter.
 10057 | Lair:3   | Found a transporter.
 10113 | Lair:3   | Noticed Kiuman's ghost (journeyman TeAE)
 10154 | Lair:3   | Killed Kiuman's ghost
 10310 | Lair:3   | Gained mutation: You resist negative energy. (rN+) [Deep
                  | Dwarf growth]
 10310 | Lair:3   | Reached XP level 14. HP: 109/130 MP: 6/6
 10503 | Lair:3   | Found a hole to the Spider Nest.
 10611 | Spider:1 | Entered Level 1 of the Spider Nest
 10611 | Spider:1 | Found the +6 lightning scales {run, rElec}
 10653 | Spider:1 | Reached skill level 10 in Fighting
 10675 | Spider:1 | Noticed an entropy weaver
 10693 | Spider:1 | Killed an entropy weaver
 11072 | Spider:3 | Reached skill level 12 in Invocations
 11101 | Spider:4 | Entered Level 4 of the Spider Nest
 11142 | Spider:4 | Noticed an entropy weaver
 11152 | Spider:4 | Killed an entropy weaver
 11211 | Spider:4 | Reached XP level 15. HP: 138/140 MP: 7/7
 11238 | Spider:4 | Noticed a ghost moth
 11255 | Spider:4 | Killed a ghost moth
 11302 | Spider:4 | Noticed a ghost moth
 11305 | Spider:4 | Noticed a ghost moth
 11325 | Spider:4 | Killed a ghost moth
 11326 | Spider:4 | Killed a ghost moth
 11371 | Spider:4 | Got a gossamer rune of Zot
 11446 | Spider:3 | Noticed Bai Suzhen
 11453 | Spider:3 | Reached skill level 13 in Invocations
 11488 | Spider:2 | Killed Bai Suzhen
 11606 | Spider:2 | Identified Roxanne's Almanac of Shape Shifting
 11606 | Spider:2 | Noticed Roxanne
 11622 | Spider:2 | Got a slimy broad axe
 11632 | Spider:1 | Identified the +4 broad axe of Eternal Vigilance {pain,
                  | rPois rN+} (You found it on level 2 of the Spider Nest)
 11712 | Swamp:1  | Entered Level 1 of the Swamp
 11826 | Swamp:3  | Noticed a thorn hunter
 11849 | Swamp:3  | Killed a thorn hunter
 11863 | Swamp:3  | Reached XP level 16. HP: 126/150 MP: 7/7
 11932 | Swamp:3  | Reached skill level 10 in Evocations
 12164 | Swamp:4  | Entered Level 4 of the Swamp
 12173 | Swamp:4  | Noticed a thorn hunter
 12197 | Swamp:4  | Killed a thorn hunter
 12379 | Swamp:4  | Reached skill level 14 in Invocations
 12395 | Swamp:4  | Noticed the 27-headed Lernaean hydra
 12403 | Swamp:4  | Killed the 27-headed Lernaean hydra
 12469 | Swamp:4  | Got a decaying rune of Zot
 12842 | D:14     | Found Mihuzag's Assorted Antiques.
 12854 | D:14     | Bought a scroll labeled ETHUVERIGA for 32 gold pieces
 12854 | D:14     | Bought a potion of invisibility for 256 gold pieces
 12982 | D:14     | Reached skill level 1 in Dodging
 13214 | D:14     | Found Meypp's Jewellery Shoppe.
 13266 | D:14     | Found Jeagy's Antique Armour Emporium.
 13291 | D:14     | Bought a pair of glowing boots for 195 gold pieces
 13347 | D:14     | Found Hedees's Armour Shoppe.
 13611 | D:15     | Entered Level 15 of the Dungeon
 13711 | D:15     | Found Buickorr's Jewellery Shoppe.
 13949 | D:15     | Found a runed translucent gate.
 13949 | D:15     | Found a runed translucent gate.
 13951 | D:15     | Found the +4 dagger "Morg" {pain, MR+ Int+5}
 13951 | D:15     | Found a runed translucent gate.
 13951 | D:15     | Noticed Omnid's ghost (journeyman MiFi)
 14081 | D:15     | Found a staircase to the Depths.
 14106 | D:15     | Reached skill level 15 in Invocations
 14109 | D:15     | Reached XP level 17. HP: 159/159 MP: 6/6
 14533 | Lair:2   | Killed Wonupn's ghost
 14550 | Lair:2   | Cast into level 3 of the Abyss (unwielding a weapon of
                  | distortion)
 14610 | Abyss:3  | Noticed a lich
 14611 | Abyss:3  | Noticed a lich
 14615 | Abyss:3  | Noticed a lich
 14618 | Abyss:3  | Noticed a lich
 14620 | Abyss:3  | Noticed a lich
 14624 | Abyss:3  | Killed a lich
 14626 | Abyss:3  | Killed a lich
 14630 | Abyss:3  | Killed a lich
 14632 | Abyss:3  | Killed a lich
 14638 | Abyss:3  | Killed a lich
 14658 | Abyss:3  | Got an abyssal rune of Zot
 14673 | Lair:2   | Escaped the Abyss
 14970 | D:15     | Bought an uncursed ring of protection from fire for 425
                  | gold pieces
 15010 | Depths:1 | Entered Level 1 of the Depths
 15010 | Depths:1 | Found a gateway to Hell.
 15024 | Depths:1 | Reached skill level 16 in Invocations
 15044 | Depths:1 | Reached skill level 5 in Dodging
 15231 | Depths:1 | Found Nimp's Gadget Shoppe.
 15231 | Depths:1 | Found Cital's Jewellery Boutique.
 15233 | Depths:1 | Found Ysonixt's Jewellery Boutique.
 15447 | Depths:1 | Found a one-way gate leading to the halls of Pandemonium.
 15518 | Depths:1 | Reached skill level 17 in Invocations
 15533 | Depths:1 | Gained mutation: You passively map a large area around you.
                  | [Deep Dwarf growth]
 15533 | Depths:1 | Reached XP level 18. HP: 170/170 MP: 8/8
 15585 | Depths:2 | Found Rereufuc's Antique Weapon Shop.
 15599 | Depths:2 | Found a transporter.
 15656 | Depths:2 | Reached skill level 15 in Shields
 15658 | Depths:2 | Reached skill level 15 in Armour
 15732 | Depths:2 | Identified a scroll of acquirement
 15732 | Depths:2 | Acquired the amulet "Ydog" {RegenMP rF++ Str+2 Dex-2}
 15771 | Depths:5 | Entered Level 5 of the Depths
 15841 | Depths:5 | Reached skill level 18 in Invocations
 15874 | Depths:5 | Found Fullillu's Magic Scroll Boutique.
 15883 | Depths:5 | Bought a scroll of enchant weapon for 82 gold pieces
 15883 | Depths:5 | Bought a scroll of teleportation for 33 gold pieces
 16212 | Depths:5 | Noticed a golden dragon
 16238 | Depths:5 | Killed a golden dragon
 16256 | Depths:5 | Found a gate to the Realm of Zot.
 16266 | Depths:5 | Noticed a bone dragon
 16316 | Depths:5 | Killed a bone dragon
 16318 | Depths:5 | Paralysed by a vampire knight for 7 turns
 16329 | Depths:5 | Noticed a lich
 16332 | Depths:5 | Reached skill level 19 in Invocations
 16343 | Depths:5 | Killed a lich
 16343 | Depths:5 | Reached XP level 19. HP: 157/180 MP: 10/10
 16477 | Zot:1    | Entered Level 1 of the Realm of Zot
 16659 | Zot:3    | Noticed a golden dragon
 16681 | Zot:3    | HP: 2/181 [death cob (14)]
 16682 | Zot:3    | Slain by a death cob

Illustrated notes

Levels and vault maps discovered:
D:1:      grunt_arrival_crossed_arrows, layout_loops_cross
D:2:      layout_loops_ring, minmay_misc_feat_x, uniq_jessica, uniq_terence
D:3:      layout_rooms, gammafunk_ghost_smash
D:4:      layout_gridville, portal_sewer_entry_b, uniq_menkaure
D:5:      layout_rooms, serial_shops, nicolae_shop_statue_plus
D:6:      layout_basic, minmay_temple_entry_nine_rooms, uniq_prince_ribbit1,
          uniq_crazy_yiuf_cottage, uniq_duvessa
D:7:      layout_loops_corners
D:8:      layout_rooms
D:9:      minmay_the_grid_triangle_9x9_rhombus_thin
          [minmay_the_grid_triangle_9x9_corruption,
          minmay_the_grid_triangle_9x9_prize_top_heavy,
          minmay_the_grid_triangle_9x9_steps,
          minmay_the_grid_triangle_9x9_sparse_checkered], layout_loops_ring,
          kennysheep_mini_moat, dpeg_oklobed_lair
D:10:     layout_rooms, serial_ice, serial_ice_b, serial_ice_a, serial_ice_o,
          serial_ice_h, serial_ice_f, uniq_grum
D:11:     hangedman_cross_cluster, layout_irregular_city, grunt_livestock,
          minmay_misc_feat_diagonals, okawaru_humans
D:12:     layout_gridville, erik_orc_3
D:13:     layout_loops_corners, skrybe_vaults_entry_preservation, uniq_frances
D:14:     layout_small_grid, serial_shops, shop, nicolae_shop_window_shopping,
          nicolae_shop_statue_plus, shop_statue, special_room [special_room_bee]
D:15:     gammafunk_depths_entry_grave, layout_rooms, ebering_ghost_rock_garden,
          serial_glass, glass_columns_a, glass_columns_a, glass_columns_a,
          item_on_display_a, item_on_display_a, item_on_display_a,
          due_unseen_surprise, serial_shops, nicolae_shop_trees, roderic_batcave
Temple:   kilobyte_greek_temple
Lair:1:   layout_cave_pods, wad_woods_road_06
Lair:2:   layout_small_grid, nicolae_swamp_entry_splash_gauntlet,
          gammafunk_ghost_abyssal_escape, chequers_serial_rivers_micro_c
Lair:3:   layout_big_grid, nicolae_spider_entry_orb_guardian,
          gammafunk_ghost_hive, serial_bayou_shore_b
Swamp:1:  layout_falls_marsh, hangedman_swamp_ruin_hall, swamp_pool2,
          uniq_josephine
Swamp:2:  layout_basic_swamp, evilmike_swamp_ruin_house_1, hangedman_swamp_lotus
Swamp:3:  layout_falls_marsh, serial_swamp_ruin, evilmike_swamp_ruin_house_4,
          evilmike_swamp_ruin_house_3
Swamp:4:  swamp_basic_johnstein, layout_basic_swamp
Spider:1: layout_spider_delve, minmay_another_anthill
Spider:2: layout_chambers, uniq_roxanne
Spider:3: layout_spider_delve, uniq_bai_suzhen
Spider:4: grunt_spider_rune_parallel, ebering_ghost_rock_garden
Orc:1:    layout_diamond_mine, bh_open_orc_temple
Orc:2:    grunt_orc_tribal_feast, layout_caves, serial_shops,
          nicolae_shop_stone, gauntlet_entry_generic, minmay_orc_temple_b
Depths:1: layout_cave_shapes, pan_entry, serial_bayou_pond_a, hell_entry,
          hangedman_aviary, grunt_megastairs_2, firewood_loft, minmay_shop_grove
Depths:2: hangedman_cross_stitches, layout_cave_pools,
          gammafunk_ghost_abyssal_escape, serial_shops, nicolae_shop_stone,
          special_room [special_room_mythical_zoo], nrook_mini_backslash,
          hellmouth_1, minmay_crystal_room, corner_web_ring,
          kennysheep_minor_cross, kennysheep_generic_room_8
Depths:3: minmay_quarter_circles, layout_small_grid, enter_ziggurat_a,
          moated_statue, rand_demon_pan_entry_4, hell_entry, nicolae_rare_books,
          chequers_jeans, kennysheep_underground_church
Depths:4: radiant_caverns_a_rkd, abyss_entry, hell_entry
Depths:5: grunt_zot_entry_bicorn, layout_basic, hell_entry, serial_shops, shop,
          abyss_entry_flame_altar, hangedman_decor_diamond_cutter
Zot:1:    layout_gridville, gammafunk_ghost_grave
Zot:2:    layout_cellular_growth
Zot:3:    layout_gridville, grunt_ministairs_14

Skill      XL: |  1  2  3  4  5  6  7  8  9 10 11 12 13 14 15 16 17 18 19 |
---------------+----------------------------------------------------------+-----
Axes           | 3 4 5 6 8 10 11 12 14 15 16 17 18 | 18.0
Fighting       | 3 4 5 6 7 8 9 10 11 12 13 | 13.7
Armour         | 4 5 6 7 8 9 10 11 12 13 14 15 | 15.9
Shields        | 4 5 6 7 8 9 10 11 12 13 14 15 | 15.0
Invocations    | 4 6 8 10 11 12 13 15 17 19 | 19.5
Evocations     | 1 5 8 9 10 | 10.0
Dodging        | 3 6 8 9 |  9.2

Action                   |  1- 3 |  4- 6 |  7- 9 | 10-12 | 13-15 | 16-18 | 19-21 || total
-------------------------+-------+-------+-------+-------+-------+-------+-------++-------
Melee: War axe           |    69 |   116 |   370 |   857 |   944 |  1176 |    95 ||  3627
       Broad axe         |       |       |       |       |     4 |       |       ||     4
Invok: Lesser Servant of |       |       |       |       |    12 |     5 |       ||    17
       Greater Servant o |       |       |       |       |     4 |     4 |       ||     8
 Abil: Heal Wounds       |     1 |    10 |    10 |    13 |    26 |     9 |     3 ||    72
Evoke: Condenser vane    |       |       |       |     1 |     5 |     6 |     2 ||    14
       Box of beasts     |       |       |       |       |     5 |     3 |       ||     8
       Wand              |       |       |       |       |     4 |     2 |       ||     6
  Use: Scroll            |       |       |    13 |     5 |    12 |    11 |     2 ||    43
       Potion            |       |       |       |       |     4 |     3 |     1 ||     8
 Stab: Distracted        |       |       |       |       |     4 |     3 |       ||     7
       Confused          |       |       |       |       |     2 |       |       ||     2
       Invisible         |       |       |       |       |     7 |     4 |       ||    11
       Held in net/web   |       |       |       |       |     1 |       |       ||     1
       Paralysed         |       |       |       |       |       |     4 |       ||     4
       Petrified         |       |       |       |       |       |     1 |       ||     1
Armor: Scale mail        |    25 |    81 |    16 |       |       |       |       ||   122
       Chain mail        |       |       |   214 |   256 |   455 |       |       ||   925
       Plate armour      |       |       |       |   146 |   184 |       |       ||   330
       Storm dragon scal |       |       |       |       |    64 |   884 |    58 ||  1006
Dodge: Dodged            |    27 |    48 |   120 |   228 |   324 |   469 |    30 ||  1246
       Repelled          |       |       |     1 |     1 |     5 |    12 |     7 ||    26
Block: Kite shield       |    46 |    94 |   274 |   548 |  1042 |  1349 |    89 ||  3442

Table legend: (Time is in decaauts)
 A = Elapsed time spent in this place.
 B = Non-inter-level travel time spent in this place.
 C = Inter-level travel time spent in this place.
 D = Time resting spent in this place.
 E = Time spent auto-exploring this place.
 F = Levels seen in this place.
 G = Mean time per level.
                   A        B        C        D        E       F      G
               +--------+--------+--------+--------+--------+-----+--------+
         Total |  16229 |  14638 |   1591 |    129 |   8776 |  40 |  405.7 |
       Dungeon |   9072 |   8281 |    791 |      1 |   5635 |  15 |  604.8 |
        Temple |    136 |    105 |     31 |      0 |     99 |   1 |  136.0 |
          Lair |   2098 |   1727 |    371 |      0 |   1211 |   3 |  699.3 |
         Swamp |    892 |    725 |    167 |      0 |    182 |   4 |  223.0 |
   Spider Nest |    914 |    803 |    111 |      0 |     71 |   4 |  228.5 |
  Orcish Mines |   1123 |   1057 |     66 |      0 |    816 |   2 |  561.5 |
        Depths |   1318 |   1304 |     14 |    128 |    552 |   5 |  263.6 |
           Zot |    185 |    148 |     37 |      0 |     28 |   3 |   61.7 |
         Abyss |    105 |    105 |      0 |      0 |     19 |   1 |  105.0 |
         Sewer |    170 |    170 |      0 |      0 |    107 |   1 |  170.0 |
      Gauntlet |    210 |    210 |      0 |      0 |     54 |   1 |  210.0 |
               +--------+--------+--------+--------+--------+-----+--------+

Top non-repeatable levels by time:
  Lair:2: 1156 daAuts
     D:9: 1044 daAuts
    D:11: 968 daAuts
     D:7: 923 daAuts
    D:12: 894 daAuts
    D:14: 835 daAuts
     D:4: 810 daAuts
     D:6: 793 daAuts
    D:15: 712 daAuts
   Orc:2: 648 daAuts
Depths:5: 645 daAuts
  Lair:3: 631 daAuts
    D:10: 625 daAuts
Depths:1: 500 daAuts
   Orc:1: 474 daAuts
